Map: 아크로폴리스 - 래더

Players

TSGSolar (Solar)

  • Race: Zerg Zerg
  • League: Diamond
  • Spawn Location: 11:00

llllllllllll (Trap) - Winner!

  • Race: Protoss Protoss
  • League: Master
  • Spawn Location: 5:00

Event: HomeStory Cup XX

VOD

Have the link to the VOD?

Description

Time

  • Played on: Nov. 21, 2019, 8:44 a.m.
  • Length: 10:04

All games in this series

Show
View Real Time Build Order
Export as new Build Order

TSGSolar Zerg 

Build Orders: Hatch First 

Get SALT Encoding   

  12  0:01  Drone  
  13  0:12  Overlord  
  13  0:17  Drone  
  14  0:30  Drone x2  
  16  0:48  Hatchery  
  15  0:51  Drone  
  15  0:55  Drone  
  17  0:57  Drone  
  18  1:09  Extractor  
  17  1:13  Spawning Pool  
  17  1:16  Drone  
  17  1:20  Drone  
  18  1:30  Drone  
  19  1:39  Drone  
  20  1:46  Hatchery  
  19  1:49  Drone  
  20  1:59  Queen  
  22  2:02  Drone  
  22  2:05  Drone  
  24  2:11  Drone  
  24  2:15  Overlord  
  25  2:24  Queen  
  25  2:29  Metabolic Boost  
  27  2:31  Drone  
  27  2:34  Drone  
  27  2:36  Drone  
  30  2:43  Queen  
  32  2:46  Zergling x2  
  32  2:47  Zergling x2  
  32  2:49  Drone  
  35  2:54  Drone  
  36  2:59  Queen  
  36  3:02  Overlord  
  38  3:06  Drone  
  38  3:08  Drone  
  38  3:10  Drone x2  
  42  3:19  Queen  
  42  3:23  Drone x2, Overlord  
  46  3:27  Overlord  
  46  3:30  Drone  
  47  3:35  Spore Crawler, Drone  
  47  3:38  Spore Crawler  
  47  3:41  Overlord  
  46  3:42  Drone x2  
  46  3:46  Zergling x2  
  46  3:47  Zergling x2  
  46  3:48  Zergling x4  
  49  3:55  Drone x2, Evolution Chamber  
  51  4:00  Drone x2  
  54  4:08  Drone  
  53  4:11  Spore Crawler, Drone  
  53  4:12  Drone x2  
  53  4:14  Drone  
  55  4:17  Drone x2  
  55  4:19  Drone  
  55  4:22  Drone  
  55  4:23  Drone  
  58  4:25  Drone x2  
  60  4:32  Drone x2, Overlord  
  60  4:33  Drone  
  60  4:38  Drone  
  62  4:43  Drone  
  62  4:45  Drone  
  63  4:48  Lair, Drone  
  63  4:50  Roach Warren  
  63  4:51  Extractor x2  
  60  4:53  Drone  
  60  4:54  Drone  
  60  4:58  Drone  
  60  4:59  Drone x3  
  66  5:02  Extractor x2, Drone x2, Overlord  
  66  5:06  Drone  
  66  5:07  Drone  
  68  5:09  Drone  
  68  5:12  Zergling x4, Overlord  
  70  5:17  Drone x2  
  72  5:22  Drone  
  72  5:28  Extractor, Zergling x8  
  77  5:30  Drone  
  77  5:33  Spore Crawler  
  77  5:35  Drone x3  
  76  5:39  Drone  
  76  5:40  Drone  
  76  5:42  Drone  
  78  5:48  Spire  
  78  5:49  Drone x2  
  79  5:50  Drone  
  79  5:53  Zergling x4  
  79  5:55  Overseer  
  79  5:57  Overlord  
  80  6:01  Drone x2  
  80  6:07  Overlord  
  80  6:09  Drone x3  
  82  6:11  Drone x2  
  82  6:12  Overlord  
  82  6:15  Drone  
  82  6:16  Evolution Chamber  
  84  6:19  Drone  
  84  6:24  Zergling x8  
  89  6:25  Zergling x2  
  89  6:30  Overlord  
  90  6:33  Drone  
  90  6:34  Hatchery  
  90  6:36  Drone  
  90  6:37  Hydralisk Den  
  90  6:38  Drone  
  90  6:40  Drone x2, Overlord  
  90  6:44  Overlord  
  90  6:46  Zerg Missile Weapons Level 1  
  92  6:48  Drone  
  92  6:49  Drone x3  
  95  6:55  Overlord  
  95  6:59  Overlord  
  95  7:04  Zerg Flyer Weapons Level 1  
  95  7:06  Hydralisk x5  
  105  7:08  Grooved Spines  
  105  7:14  Zergling x2  
  105  7:15  Zergling x12  
  110  7:17  Hydralisk  
  110  7:21  Drone x2  
  114  7:23  Corruptor  
  114  7:25  Corruptor  
  114  7:29  Corruptor  
  114  7:31  Corruptor  
  114  7:34  Baneling Nest  
  114  7:36  Drone x2  
  118  7:37  Drone  
  118  7:38  Drone  
  118  7:39  Overseer  
  118  7:41  Drone x2  
  121  7:48  Corruptor x2  
  121  7:50  Corruptor  
  127  7:53  Corruptor  
  127  7:57  Hydralisk x2  
  133  8:00  Hydralisk  
  133  8:02  Overlord  
  133  8:04  Hydralisk  
  137  8:06  Overlord  
  137  8:09  Hydralisk  
  137  8:10  Zergling x4, Hydralisk  
  137  8:12  Hydralisk  
  145  8:14  Hydralisk  
  145  8:15  Hydralisk  
  145  8:17  Baneling  
  145  8:18  Baneling x3  
  147  8:21  Overlord  
  147  8:23  Hydralisk x2  
  147  8:24  Zergling x4  
  147  8:25  Baneling x3  
  147  8:26  Hydralisk  
  152  8:29  Hydralisk  
  152  8:30  Hydralisk  
  152  8:32  Hydralisk  
  132  8:35  Zergling x8  
  132  8:36  Hydralisk  
  132  8:38  Zergling x4  
  115  8:42  Zergling x6  
  115  8:44  Hydralisk  
  102  8:48  Hydralisk x2  
  102  8:50  Zergling x2  
  102  8:53  Baneling  
  103  8:57  Zergling x4  
  103  8:59  Zergling x2  
  103  9:01  Zergling x4  
  104  9:04  Zergling x4  
  104  9:08  Hydralisk  
  103  9:11  Zergling x2  
  103  9:14  Hydralisk  
  106  9:18  Hydralisk  
  106  9:21  Baneling x3  
  106  9:22  Zergling x2, Baneling  
  106  9:23  Zergling x2  
  110  9:27  Zergling x2  
  105  9:32  Zergling x4  
  105  9:34  Baneling x2  
  105  9:35  Baneling x3  
  105  9:36  Zergling x2  
  110  9:43  Zergling x4  
Show
View Real Time Build Order
Export as new Build Order

llllllllllll Protoss - Winner!

Build Orders: 1 Gate Expand, Oracle Opening, Phoenix Opening, Zealot Archon 

Get SALT Encoding   

  12  0:00  Probe  
  13  0:12  Probe  
  14  0:18  Pylon  
  14  0:24  Probe  
  15  0:33  Probe  
  15  0:41  Probe  
  16  0:45  Gateway  
  16  0:46  Assimilator  
  17  0:51  Probe  
  18  1:03  Probe  
  19  1:15  Probe  
  20  1:22  Nexus  
  20  1:33  Cybernetics Core  
  20  1:36  Probe  
  21  1:43  Assimilator  
  21  1:48  Probe  
  21  1:53  Pylon  
  22  2:00  Probe  
  23  2:08  Probe  
  23  2:11  Adept  
  23  2:15  Stargate  
  26  2:16  Probe  
  27  2:24  Warp Gate  
  27  2:27  Probe  
  28  2:30  Probe  
  29  2:38  Probe  
  29  2:39  Probe  
  29  2:41  Adept  
  33  2:48  Probe  
  33  2:50  Phoenix  
  35  2:51  Probe  
  37  3:00  Probe  
  37  3:03  Oracle, Probe  
  39  3:07  Pylon  
  39  3:13  Probe  
  39  3:15  Probe  
  44  3:22  Gateway  
  44  3:25  Probe  
  45  3:27  Probe  
  45  3:30  Assimilator  
  45  3:32  Oracle  
  46  3:36  Assimilator  
  46  3:37  Probe  
  46  3:39  Probe  
  51  3:49  Probe  
  51  3:50  Pylon  
  51  3:51  Probe  
  53  4:02  Probe  
  54  4:08  Probe  
  53  4:16  Probe, Robotics Facility  
  52  4:20  Probe  
  53  4:28  Probe  
  53  4:29  Adept x2  
  58  4:32  Pylon, Probe  
  58  4:33  Pylon  
  59  4:41  Probe  
  59  4:44  Probe  
  61  4:48  Forge  
  61  4:51  Sentry x2, Twilight Council  
  65  4:53  Probe  
  65  4:56  Immortal, Probe  
  65  4:57  Nexus  
  65  4:59  Pylon  
  67  5:01  Pylon  
  71  5:12  Probe x2  
  71  5:13  Protoss Ground Weapons Level 1  
  73  5:18  Adept  
  73  5:19  Adept  
  77  5:25  Robotics Bay  
  77  5:26  Probe x2  
  79  5:38  Probe  
  79  5:42  Probe  
  79  5:44  Observer, Robotics Facility  
  80  5:50  Probe  
  80  5:54  Probe  
  80  5:58  Sentry x2  
  80  6:02  Probe  
  85  6:08  Colossus  
  85  6:09  Phoenix  
  84  6:12  Probe  
  84  6:13  Probe  
  84  6:15  Probe  
  84  6:16  Gateway x2  
  84  6:18  Gateway  
  87  6:20  Charge  
  87  6:21  Assimilator, Gateway  
  87  6:22  Assimilator  
  87  6:23  Pylon  
  93  6:27  Probe x3  
  96  6:34  Gateway x2  
  96  6:36  Phoenix  
  98  6:43  Zealot  
  98  6:44  Pylon, Zealot  
  102  6:47  Pylon  
  102  6:49  Photon Cannon  
  102  6:56  Warp Prism  
  102  7:02  Gateway  
  102  7:05  Gateway  
  102  7:07  Templar Archives  
  104  7:08  Pylon  
  104  7:14  Zealot x2  
  104  7:15  Zealot x2  
  110  7:21  Photon Cannon  
  110  7:23  Photon Cannon  
  110  7:26  Observer  
  110  7:28  Protoss Ground Weapons Level 2  
  110  7:30  Pylon  
  111  7:45  High Templar x3  
  111  7:46  High Templar, Zealot x4  
  111  7:49  Pylon, Archon  
  111  7:50  Archon  
  127  8:01  Warp Prism  
  127  8:04  High Templar x2  
  131  8:08  Archon  
  131  8:09  Zealot x4  
  136  8:34  Zealot x8  
  128  8:37  Nexus  
  128  8:39  Zealot x2  
  128  8:40  Pylon  
  113  9:00  Colossus  
  109  9:03  High Templar x4  
  109  9:04  Zealot x6  
  124  9:23  Probe  
  125  9:24  Probe x2  
  121  9:32  High Templar  
  121  9:33  Stalker x2, High Templar  
  121  9:34  Stalker  
  121  9:36  Stalker, Zealot  
  121  9:37  Zealot x3  
  141  9:40  Archon  
  141  9:57  Zealot x3  
  141  9:58  Zealot x4  
  133  10:03  Zealot  
Tags
 
Add a new tag
Caveats
  • Supply blocks, unpowered buildings, or Contaminate may cause inaccurate times.
  • Supply counts are checked every 10 seconds.